 Dungeon Crawl Stone Soup version 0.27-a0-1036-g8e1b44f6bd (webtiles) character file.

Game seed: 8390095658697058284

5676 tardwrangler69 the Geomancer (level 10, -12/121 HPs)
             Began as a Grey Draconian Earth Elementalist on Apr 18, 2021.
             Was a Follower of Vehumet.
             Engulfed by a cloud of flame (28 damage)
             ... on level 9 of the Dungeon.
             The game lasted 00:14:27 (10554 turns).

tardwrangler69 the Geomancer (DrEE)                Turns: 10554, Time: 00:14:28

Health: -12/121    AC: 25    Str: 17    XL:     10   Next: 47%
Magic:  13/20      EV:  2    Int: 18    God:    Vehumet [*.....]
Gold:   537        SH:  0    Dex: 12    Spells: 14/23 levels left

rFire    . . .     SeeInvis .   q - +8 whip "Pyfuk" {freeze, rPois}
rCold    . . .     Faith    .   E - +1 buckler
rNeg     + + +     Spirit   .   (armour unavailable)
rPois    +         Reflect  .   (helmet currently unavailable)
rElec    .         Harm     .   (cloak currently unavailable)
rCorr    +         Rampage  .   (gloves currently unavailable)
Will     .....     NoTele   +   (boots currently unavailable)
Stlth    +.........             u - amulet of magic regeneration
HPRegen  0.30/turn              F - ring of resist corrosion
MPRegen  0.42/turn              s - +6 ring of strength

@: confused, tree-form (expiring), weak-willed, ambrosia-drunk
A: stationary, stasis, torment immunity, boosted hp, AC +12, unfitting armour,
(unbreathing 2), (cold-blooded)
a: Renounce Religion


You were on level 9 of the Dungeon.
You worshipped Vehumet.
Vehumet was aware of your devotion.
You were a tree.
You visited 1 branch of the dungeon, and saw 9 of its levels.

You collected 537 gold pieces.

Inventory:

Hand Weapons
 q - the +8 whip "Pyfuk" (weapon) {freeze, rPois}
   (You found it on level 4 of the Dungeon)

   It has been specially enchanted to freeze those struck by it, causing extra
   injury to most foes and up to half again as much damage against particularly
   susceptible opponents.
   It can also slow down cold-blooded creatures.
   It protects you from poison.
Missiles
 b - 144 stones
 m - 4 atropa-tipped darts
 t - 5 throwing nets
Armour
 v - a +0 pair of boots (melded)
 E - a +1 buckler (worn)
 L - a +0 pair of gloves (melded)
Magical Staves
 c - a staff of earth
Jewellery
 f - a ring of ice
 i - a ring of positive energy
 s - a +6 ring of strength (right branch)
 u - an amulet of magic regeneration (around neck)
 F - a ring of resist corrosion (left branch)
 G - an amulet of regeneration
Wands
 y - a wand of mindburst (21)
 I - a wand of paralysis (9)
 J - a wand of flame (21)
 K - a wand of iceblast (10)
Scrolls
 g - 7 scrolls of teleportation
 h - 5 scrolls of enchant weapon
 l - 2 scrolls of enchant armour
Potions
 a - 2 potions of attraction
 d - a potion of haste
 p - 2 potions of might {unknown}
 r - 3 potions of mutation {unknown}
 w - 3 potions of flight {unknown}
 A - a potion of degeneration {unknown}
 B - a potion of magic {unknown}
 C - 2 potions of curing {unknown}
 H - a potion of resistance {unknown}


   Skills:
 + Level 5.1 Fighting
 - Level 1.7 Dodging
 - Level 1.7 Stealth
 - Level 4.0 Shields
 - Level 7.0 Spellcasting
 - Level 7.0 Conjurations
 - Level 1.0 Transmutations
 + Level 12.3 Earth Magic


You had 14 spell levels left.
You knew the following spells:

 Your Spells              Type           Power      Damage    Failure   Level
a - Sandblast             Erth           100%       2d20      1%          1
b - Stone Arrow           Conj/Erth      82%        3d12      1%          3
c - Lee's Rapid Deconstr  Erth           25%        3d15*     1%          5

Your spell library contained the following spells:

 Spells                   Type           Power      Damage    Failure   Level
 Shock                    Conj/Air       72%        1d7       2%          1
 Magic Dart               Conj           100%       1d8       1%          1
 Passwall                 Tmut/Erth      25%        N/A       1%          2
 Petrify                  Tmut/Erth      30%        N/A       7%          4
 Conjure Flame            Conj/Fire      18%        6-21      8%          3
 Mephitic Cloud           Conj/Pois/Air  14%        N/A       13%         3
 Blink                    Tloc           N/A        N/A       16%         2
 Call Imp                 Summ           6%         N/A       16%         2
 Poisonous Vapours        Pois/Air       12%        N/A       16%         2
 Slow                     Hex            6%         N/A       16%         2
 Cause Fear               Hex            3%         N/A       71%         4
 Yara's Violent Unravell  Hex/Tmut       4%         3d4       94%         5
 Silence                  Hex/Air        3%         N/A       96%         5
 Freezing Cloud           Conj/Ice/Air   7%         6-21      100%        6
 Discord                  Hex            3%         N/A       100%        8


Dungeon Overview and Level Annotations

Branches:
Dungeon (9/15)             Temple (0/1) D:7
   Lair: D:8-11         Orc: D:9-12

Altars:
Ashenzari
Hepliaklqana
Makhleb
Ru
Sif Muna
Trog
Uskayaw
Vehumet
The Shining One

Shops:
D:1 [

Annotations:
D:7 1 runed translucent door, Crazy Yiuf
D:8 exclusion: two-headed ogre
D:9 exclusion: death yak


Innate Abilities, Weirdness & Mutations

You are a tree.
Your roots penetrate the ground, keeping you stationary.
You cannot be teleported.
You are immune to unholy pain and torment.
Your maximum health is greatly increased.
Your equipment is partially melded.
((Your dull iron-grey scales are very hard. (AC +12)))
You cannot fit into any form of body armour.
((You can survive without breathing, even under water.))
((You are cold-blooded and may be slowed by cold attacks.))


Message History

Press: ? - help, Shift-Dir - straight line, f/p - death yak
Aim: a death yak (flame, severely wounded, inner flame, weak-willed, 92% to hit)
The stone arrow hits the death yak.
Flame seeps out of the death yak.
The death yak is severely wounded.
Your centaur hits the yak.
Flame seeps out of the yak.
Your centaur barely misses the yak.
The death yak is engulfed in blazing flames.
Flame seeps out of the death yak.
The death yak gores you but does no damage.
The yak is engulfed in blazing flames.
Vehumet accepts your kill.
The yak explodes!
The fiery explosion engulfs the troll!!!
Flame seeps out of the troll.
The troll is almost dead.
The fiery explosion engulfs your howler monkey zombie!!
Your howler monkey zombie is almost destroyed.
The fiery explosion engulfs the death yak!!
Vehumet accepts your kill. Vehumet offers you knowledge of Shock.
The death yak explodes!
The fiery explosion engulfs the troll!!
Vehumet accepts your kill. The fiery explosion engulfs you!!
The fiery explosion engulfs your howler monkey zombie!!!
You destroy your howler monkey zombie!
The troll explodes!
You feel your power returning.
The fiery explosion engulfs your centaur!!!
You kill your centaur!
Your centaur's corpse dissolves into shadows!
The fiery explosion engulfs you!!
* * * LOW HITPOINT WARNING * * *
You hear a bellow! x2
Your Fighting skill gained 2 levels and is now at level 5!
Your Earth Magic skill increases to level 12!
You are confused.
You feel invigorated.
You are engulfed in blazing flames.
* * * LOW HITPOINT WARNING * * *
You are engulfed in blazing flames.
You die...

Y.... Y........#
.... .........#
..(. YYY......# ...
.........# ..#
######.### #.#
#...@....# #.#
#.######.# ##'####
##§#### ..# #.....#
#.§)♣.# .#
#.....### #.§.§.#
.#
'.....'.#####.§§§.#
.
#.....#.....'...###
.#
#.....#######...#
####'## ##+## ###.#
#...# #.###


There were no monsters in sight!

Vanquished Creatures
  A death yak (D:9)
  Maggie (D:9)
  An unseen horror (D:8)
  3 trolls
  4 yaks (D:9)
  A steam dragon (D:6)
  An acid dragon (D:8)
  A water moccasin (D:7)
  2 orc warriors
  A sky beast (D:6)
  An ice beast (D:8)
  A black bear (D:8)
  3 ogres
  A necrophage (D:6)
  3 centaurs
  2 phantoms
  2 bullfrogs
  A wyvern zombie (D:7)
  A water moccasin zombie (D:5)
  2 gnoll sergeants
  3 scorpions
  4 wights (D:9)
  4 killer bees
  A howler monkey (D:6)
  2 gnoll shamans
  2 centaur skeletons
  An orc priest (D:6)
  A hound (D:6)
  3 iguanas
  8 orc wizards
  2 killer bee zombies
  21 gnolls
  5 adders
  A shadow imp (D:8)
  A white imp (D:8)
  An ufetubus (D:5)
  A worm (D:3)
  3 dart slugs
  36 orcs
  8 ball pythons
  6 endoplasms
  A giant cockroach (D:1)
  8 hobgoblins
  3 jackals (D:1)
  5 kobolds
  3 quokkas
  7 bats
  2 frilled lizards
  6 goblins
  8 rats
  A spectral goblin (D:8)
191 creatures vanquished.

Notes
Turn   | Place    | Note
-------+----------+-------------------------------------------
     0 | D:1      | tardwrangler69 the Draconian Earth Elementalist began the
                  | quest for the Orb.
     0 | D:1      | Reached XP level 1. HP: 14/14 MP: 3/3
   360 | D:1      | Found a faded altar of an unknown god.
   414 | D:1      | Reached XP level 2. HP: 20/20 MP: 5/5
   934 | D:1      | Found Egiagaor's Armour Emporium.
  1255 | D:2      | Reached XP level 3. HP: 26/26 MP: 6/6
  1363 | D:2      | Reached skill level 4 in Earth Magic
  1974 | D:2      | Found a sacrificial altar of Ru.
  2270 | D:2      | Reached XP level 4. HP: 33/33 MP: 4/8
  2870 | D:3      | Reached skill level 5 in Earth Magic
  3027 | D:3      | Found a burning altar of Makhleb.
  3115 | D:3      | Reached XP level 5. HP: 38/38 MP: 4/9
  3732 | D:3      | Found a shimmering blue altar of Sif Muna.
  3871 | D:4      | Identified the +8 whip "Pyfuk" {freeze, rPois}
  3959 | D:4      | Found a hide-covered altar of Uskayaw.
  4102 | D:4      | Noticed a +0 dagger
  4102 | D:4      | Noticed a +0 hand axe
  4221 | D:4      | Noticed a phantom
  4228 | D:4      | Killed a phantom
  4229 | D:4      | Reached skill level 6 in Earth Magic
  4229 | D:4      | Reached XP level 6. HP: 45/45 MP: 8/11
  4642 | D:5      | Entered Level 5 of the Dungeon
  4660 | D:5      | Your scales start taking on a dull iron-grey colour.
  4660 | D:5      | Reached skill level 8 in Earth Magic
  4660 | D:5      | Reached XP level 7. HP: 14/50 MP: 10/13
  4660 | D:5      | Gained mutation: You can survive without breathing. [Grey
                  | Draconian growth]
  4660 | D:5      | Gained mutation: You can survive without breathing, even
                  | under water. [Grey Draconian growth]
  4907 | D:5      | Found a radiant altar of Vehumet.
  5311 | D:5      | Learned a level 3 spell: Stone Arrow
  5366 | D:5      | Learned a level 5 spell: Lee's Rapid Deconstruction
  5450 | D:5      | Found a bloodstained altar of Trog.
  5670 | D:5      | Reached skill level 1 in Conjurations
  6156 | D:5      | Became a worshipper of Vehumet
  6196 | D:6      | Reached skill level 5 in Spellcasting
  6312 | D:6      | Reached XP level 8. HP: 57/57 MP: 9/15
  6768 | D:6      | Reached skill level 5 in Conjurations
  7565 | D:7      | Found a runed translucent door.
  7566 | D:7      | Noticed Crazy Yiuf
  8021 | D:7      | Reached XP level 9. HP: 27/62 MP: 13/18
  8502 | D:7      | Found a staircase to the Ecumenical Temple.
  8505 | D:7      | Noticed a troll
  8514 | D:7      | Killed a troll
  8680 | D:7      | Reached skill level 1 in Shields
  8680 | D:7      | Reached skill level 9 in Earth Magic
  8745 | D:7      | Found a glowing golden altar of the Shining One.
  8745 | D:7      | Found a broken altar of Ashenzari.
  8805 | D:7      | Noticed an eight-headed hydra
  9510 | D:8      | Reached * piety under Vehumet
  9510 | D:8      | Offered knowledge of Foxfire by Vehumet.
  9534 | D:8      | Reached skill level 10 in Earth Magic
  9650 | D:8      | Noticed a troll
  9653 | D:8      | Killed a troll
  9681 | D:8      | Noticed a two-headed ogre
  9790 | D:8      | Killed an unseen horror
  9791 | D:8      | Reached skill level 11 in Earth Magic
  9923 | D:8      | Found a hazy altar of Hepliaklqana.
 10014 | D:9      | Reached skill level 1 in Fighting
 10146 | D:9      | Noticed a death yak
 10177 | D:9      | Reached XP level 10. HP: 72/73 MP: 20/20
 10508 | D:9      | Noticed Maggie
 10535 | D:9      | Noticed a death yak
 10536 | D:9      | Killed Maggie
 10552 | D:9      | Killed a death yak
 10552 | D:9      | Offered knowledge of Shock by Vehumet.
 10553 | D:9      | Reached skill level 5 in Fighting
 10553 | D:9      | Reached skill level 12 in Earth Magic
 10554 | D:9      | Engulfed by a cloud of flame

Illustrated notes

Levels and vault maps discovered:
D:1:      dpeg_arrival_central, layout_basic, serial_shops,
          nicolae_shop_statue_plus,
          hellmonk_ecumenical_altar_pennies_from_heaven
D:2:      layout_rooms, basic_altar, minmay_tetromino_o2
D:3:      layout_basic, led_sif_pool, old_standard_altar, serial_park_tiny_pond
D:4:      layout_basic, dancing_weapons_uskayaw
D:5:      layout_layer_cave, nicolae_vehumet_radiance, lemuel_doored_altar
D:6:      layout_loops_ring, minmay_small_thing
D:7:      mumra_celtic_spiral_tile, layout_loops_ring,
          chequers_temple_overflow_statue_of_worship,
          minmay_temple_entry_mini_moons, minmay_manual_moon,
          uniq_crazy_yiuf_cottage
D:8:      layout_cave_pools, nicolae_hepliaklqana_monster_ancestors,
          kennysheep_generic_room_16
D:9:      layout_roguey, kennysheep_mini, zin_angel, dpeg_lair_monsters,
          uniq_maggie

Skill      XL: |  1  2  3  4  5  6  7  8  9 10 |
---------------+-------------------------------+-----
Earth Magic    | 4 5 6 8 11 12 | 12.3
Spellcasting   | 3 4 5 6 7 |  7.0
Conjurations   | 3 6 7 |  7.0
Shields        | 4 |  4.0
Fighting       | 1 5 |  5.1
Dodging        | |  1.7
Stealth        | |  1.7
Transmutations | |  1.0

Action                   |  1- 3 |  4- 6 |  7- 9 | 10-12 || total
-------------------------+-------+-------+-------+-------++-------
Melee: Short sword       |   104 |    40 |       |       ||   144
       Staff             |     4 |       |       |       ||     4
       Unarmed           |     3 |       |       |       ||     3
       Tailslap          |    11 |     6 |     6 |       ||    23
       Whip              |       |    41 |    72 |     7 ||   120
 Cast: Sandblast         |    13 |    37 |   117 |     2 ||   169
       Stone Arrow       |       |       |    34 |     5 ||    39
       Lee's Rapid Decon |       |       |     2 |     7 ||     9
  Use: Scroll            |       |       |     6 |     6 ||    12
       Potion            |       |       |       |     5 ||     5
 Stab: Sleeping          |     6 |     4 |       |       ||    10
Armor: Skin              |    37 |    28 |    67 |    22 ||   154
Dodge: Dodged            |    79 |    79 |    78 |     2 ||   238
Block: Buckler           |       |       |     8 |     7 ||    15

Table legend: (Time is in decaauts)
 A = Elapsed time spent in this place.
 B = Non-inter-level travel time spent in this place.
 C = Inter-level travel time spent in this place.
 D = Time resting spent in this place.
 E = Time spent auto-exploring this place.
 F = Levels seen in this place.
 G = Mean time per level.
                   A        B        C        D        E       F      G
               +--------+--------+--------+--------+--------+-----+--------+
         Total |  10588 |  10308 |    280 |    282 |   8686 |   9 | 1176.4 |
       Dungeon |  10588 |  10308 |    280 |    282 |   8686 |   9 | 1176.4 |
               +--------+--------+--------+--------+--------+-----+--------+

Top non-repeatable levels by time:
     D:2: 1809 daAuts
     D:5: 1534 daAuts
     D:7: 1488 daAuts
     D:6: 1336 daAuts
     D:1: 1120 daAuts
     D:8: 1000 daAuts
     D:4: 887 daAuts
     D:3: 849 daAuts
     D:9: 562 daAuts
